 Dungeon Crawl Stone Soup version 0.20-a0-61-ga1b20b4 (webtiles) character file.

1430 Tylossius the Shield-Bearer (level 8, -16/72 HPs)
             Began as a Deep Dwarf Fighter on Nov 17, 2016.
             Demolished by an ogre
             ... wielding a +0 giant club
              (20 damage)
             ... on level 7 of the Dungeon.
             The game lasted 00:32:17 (4509 turns).

Tylossius the Shield-Bearer (Deep Dwarf Fighter)    Turns: 4509, Time: 00:32:18

Health: -16/72     AC: 15    Str: 27    XL:     8   Next: 44%
Magic:  9/9        EV: 12    Int:  9    God:
Gold:   97         SH:  8    Dex: 14    Spells: 0 memorised, 7 levels left

rFire  . . .     SeeInvis +     y - +3 flail (protect)
rCold  + . .     Gourm    .     b - +0 scale mail
rNeg   . . .     Faith    .     D - +2 buckler
rPois  .         Spirit   .     (helmet restricted)
rElec  .         Reflect  .     (no cloak)
rCorr  .         Harm     .     o - +0 pair of gloves
MR     +....     Clarity  +     (no boots)
Stlth  ..........               j - amulet of rage
                                x - +4 ring of strength
                                B - +3 ring of strength

@: protection aura, non-regenerating
A: damage resistance, recharge devices, antennae 1, see invisible, clarity, cold
resistance 1, sense surroundings 1, slow regeneration 3, evolution 1
a: Device Recharging, Evoke Berserk Rage


You were on level 7 of the Dungeon.
You were not hungry.

You visited 2 branches of the dungeon, and saw 8 of its levels.

You collected 344 gold pieces.
You spent 247 gold pieces at shops.

Inventory:

Hand Weapons
 i - a +1 dagger of venom
 v - the +3 mace of Crawling {drain, rPois MR++ Str+3}
   (You found it on level 4 of the Dungeon)

   A truly terrible weapon, it drains the life of those it strikes.
   It affects your strength (+3).
   It protects you from poison.
   It affects your resistance to hostile enchantments.
 y - a +3 flail of protection (weapon)
Armour
 b - a +0 scale mail (worn)
 c - a +1 shield
 o - a +0 pair of gloves (worn)
 D - a +2 buckler (worn)
Jewellery
 g - an uncursed ring of resist corrosion {unknown}
 j - an amulet of rage (around neck)
 u - an uncursed ring of ice
 x - a +4 ring of strength (right hand)
 B - a +3 ring of strength (left hand)
Wands
 a - a wand of hasting (4/9)
 e - a wand of heal wounds (1/9)
 m - a wand of flame (9/48)
Scrolls
 k - a scroll of teleportation
 l - 2 scrolls of remove curse
 z - 2 scrolls of identify
 A - a scroll of fog
 E - a scroll of magic mapping
Potions
 d - 2 potions of might
 n - a potion of cancellation
 p - a potion of curing
 r - 5 potions of flight
 s - 2 potions of agility
Books
 C - a book of Conjurations

   Spells                             Type                      Level
   a - Magic Dart                     Conjuration                  1
   b - Searing Ray                    Conjuration                  2
   c - Dazzling Spray                 Conjuration/Hexes            3
   d - Fulminant Prism                Conjuration/Hexes            4
   e - Iskenderun's Mystic Blast      Conjuration                  4
   f - Iskenderun's Battlesphere      Conjuration/Charms           5
Comestibles
 f - a bread ration
 h - 2 meat rations
 q - a slice of pizza


   Skills:
 + Level 3.7 Fighting
 + Level 1.3(2.2) Short Blades
   Level 3.0(3.2) Long Blades
 + Level 5.9 Maces & Flails
 + Level 5.2 Armour
 + Level 2.9 Dodging
 + Level 1.1 Stealth
 + Level 6.7 Shields
 + Level 1.3 Evocations


You had 7 spell levels left.
You didn't know any spells.

Dungeon Overview and Level Annotations

Branches:
Dungeon (7/15)             Temple (1/1) D:6

Altars:
Ashenzari
Cheibriados
Dithmenos
Elyvilon
Fedhas
Hepliaklqana
Kikubaaqudgha
Nemelex Xobeh
Okawaru
Qazlal
Ru
Sif Muna
Trog
Uskayaw
Vehumet
Xom
Yredelemnul
Zin
The Shining One

Shops:
D:6 [


Innate Abilities, Weirdness & Mutations

You are resistant to damage.
You can recharge devices by infusing magical energy.
You passively map a small area around you.
You do not regenerate.
You have a pair of small antennae on your head.
You have supernaturally acute eyesight. (SInv)
You possess an exceptional clarity of mind.
Your flesh is cold resistant. (rC+)
You evolve.


Message History

h - 2 meat rations (gained 1)
Found 13 stones.
g - a twisted moonstone ring
Found 15 sling bullets.
You are too injured to fight recklessly!
An ogre comes into view. It is wielding a giant club.
The ogre shouts!
The ogre moves out of view.
You see here a scroll of identify.
z - 2 scrolls of identify (gained 1)
You are too injured to fight recklessly!
You thump the ogre!
Your weapon exudes an aura of protection.
The ogre is heavily wounded.
The ogre hits you with a giant club!
* * * LOW HITPOINT WARNING * * *
You hit the ogre.
The ogre is heavily wounded.
The ogre hits you with a giant club!!
You die...

.......#.....###.......,
.......#.....# #......##
,
.......#.....###.#.....#
,
.................#......
.................#.....#
,
.................#......
*
........................
,
................O.......
,
................@....(..
........................
..)..................#..
........................
....................##..
......................,.
, ........####### ,
....... * , ....... , *


You could see an ogre.

Vanquished Creatures
  An orc warrior (D:6)
  2 ogres
  3 bullfrogs (D:6)
  2 scorpions
  2 howler monkeys (D:6)
  3 crimson imps
  3 bullfrog skeletons
  2 orc priests
  3 jellies
  4 orc wizards
  Terence (D:2)
  An iguana (D:4)
  Ijyb (D:2)
  2 worker ants (D:6)
  A hound skeleton (D:5)
  3 gnolls (D:4)
  7 adders
  2 oozes
  An adder skeleton (D:4)
  2 worms
  4 dart slugs
  A leopard gecko (D:5)
  10 orcs
  5 bats
  6 giant cockroaches
  17 goblins
  6 hobgoblins
  6 jackals
  9 kobolds
  7 quokkas
  4 frilled lizards
  A leopard gecko skeleton (D:4)
  A quokka zombie (D:6)
  4 rats
127 creatures vanquished.

Notes
Turn   | Place    | Note
-------+----------+-------------------------------------------
     0 | D:1      | Tylossius the Deep Dwarf Fighter began the quest for the Orb.
     0 | D:1      | Reached XP level 1. HP: 20/20 MP: 1/1
   153 | D:1      | Reached XP level 2. HP: 20/27 MP: 2/2
   595 | D:2      | Reached XP level 3. HP: 17/33 MP: 3/3
   622 | D:2      | Noticed Terence
   634 | D:2      | Killed Terence
   634 | D:2      | Reached skill level 4 in Shields
   685 | D:2      | Noticed Ijyb
   697 | D:2      | Killed Ijyb
   697 | D:2      | Reached XP level 4. HP: 8/40 MP: 4/4
   740 | D:2      | Reached skill level 1 in Dodging
   956 | D:2      | Gained mutation: Your flesh is cold resistant. (rC+) [potion of mutation]
   956 | D:2      | Gained mutation: You evolve. [potion of mutation]
   956 | D:2      | Gained mutation: You have a pair of small antennae on your head. [potion of mutation]
  1313 | D:3      | Found a shadowy altar of Dithmenos.
  1388 | D:3      | Reached XP level 5. HP: 29/48 MP: 5/5
  2041 | D:4      | Got a bloodstained mace
  2042 | D:4      | Identified the cursed +3 mace of Crawling {drain, rPois MR++ Str+3} (You found it on level 4 of the Dungeon)
  2095 | D:4      | Reached skill level 5 in Shields
  2125 | D:4      | Reached XP level 6. HP: 48/56 MP: 6/6
  2438 | D:4      | Reached skill level 1 in Maces & Flails
  2537 | D:4      | Reached skill level 1 in Short Blades
  2647 | D:4      | Reached XP level 7. HP: 18/62 MP: 7/7
  2724 | D:5      | Entered Level 5 of the Dungeon
  2866 | D:5      | Gained mutation: You possess an exceptional clarity of mind. [evolution]
  2948 | D:5      | Found a hazy altar of Hepliaklqana.
  2950 | D:5      | Found a shimmering altar of Xom.
  2951 | D:5      | Noticed a spectral ugly thing
  3059 | D:5      | Reached skill level 1 in Evocations
  3080 | D:5      | Found a bloodstained altar of Trog.
  3197 | D:5      | Reached skill level 6 in Shields
  3573 | D:6      | Found Bis Ygum's Armour Boutique.
  3576 | D:6      | Bought a +2 buckler for 247 gold pieces
  3592 | D:6      | Learned a level 1 spell: Magic Dart
  3609 | D:6      | Reached skill level 5 in Armour
  3646 | D:6      | Reached skill level 1 in Stealth
  3646 | D:6      | Reached XP level 8. HP: 36/69 MP: 8/8
  3652 | D:6      | HP: 3/69 [orc priest/divine providence (10)]
  3658 | D:6      | Reached skill level 5 in Maces & Flails
  3662 | D:6      | HP: 2/69 [orc warrior/battleaxe (7)]
  3865 | D:6      | Found a staircase to the Ecumenical Temple.
  3881 | Temple   | Entered the Ecumenical Temple
  3918 | Temple   | Gained mutation: You have supernaturally acute eyesight. (SInv) [evolution]
  4509 | D:7      | Demolished by an ogre

Vault maps used:
D:1:      ncdulo_watergridlock, supply_closet_lemuel
D:2:      kennysheep_the_goblin_king, minmay_stone_trees_small,
          grunt_decor_resistance, uniq_iyjb, uniq_terence
D:3:      nicolae_dithmenos_through_a_glass_darkly
D:4:      first_bread
D:5:      regret_index_temple_of_mockery, trog_butcher_becter
D:6:      serial_shops, shop
D:7:      gammafunk_temple_overflow_elements, moated_statue, the_bakery
Temple:   eino_temple_scatter_basement

Skill      XL: |  1  2  3  4  5  6  7  8 |
---------------+-------------------------+-----
Shields        | 4 5 6 |  6.7
Armour         | 4 5 |  5.2
Dodging        | 1 2 |  2.9
Long Blades    | 3 |  3.0
Fighting       | 3 |  3.7
Maces & Flails | 2 4 5 |  5.9
Short Blades   | 1 |  1.3
Evocations     | 1 |  1.3
Stealth        | 1 |  1.1

Action                   |  1- 3 |  4- 6 |  7- 9 || total
-------------------------+-------+-------+-------++-------
Melee: Long sword        |    82 |       |       ||    82
       Dagger            |    20 |   160 |       ||   180
       Mace              |       |    49 |    33 ||    82
       Flail             |       |       |    97 ||    97
Evoke: Wand              |       |     2 |     5 ||     7
  Use: Scroll            |     2 |     8 |     5 ||    15
       Potion            |     1 |     1 |     2 ||     4
  Eat: Meat ration       |       |     1 |     1 ||     2
       Bread ration      |       |       |     1 ||     1
Armor: Scale mail        |    44 |    95 |    33 ||   172
Dodge: Dodged            |    31 |    87 |    39 ||   157
Block: Shield            |    57 |   127 |    18 ||   202
       Buckler           |       |       |    34 ||    34
       Rpst.: Long sword |    10 |       |       ||    10
